 Dungeon Crawl Stone Soup version 0.20-a0-947-g2784f4f (webtiles) character file.

12190 MatthieuS the Bludgeoner (level 11, -1/123 HPs)
             Began as a Minotaur Berserker on Apr 3, 2017.
             Was a High Priest of Trog.
             Slain by a basilisk (10 damage)
             ... on level 11 of the Dungeon.
             The game lasted 00:28:09 (9136 turns).

MatthieuS the Bludgeoner (Minotaur Berserker)       Turns: 9136, Time: 00:28:10

Health: -1/123     AC: 12    Str: 28    XL:     11   Next: 59%
Magic:  0/15       EV: 12    Int:  6    God:    Trog [*****.]
Gold:   598        SH:  0    Dex: 10    Spells: 10/10 levels left

rFire    . . .     SeeInvis .   a - +0 great mace
rCold    + . .     Gourm    .   (shield currently unavailable)
rNeg     . . .     Faith    .   F - +4 moon troll leather armour {Spirit, Regen++ MP+5}
rPois    .         Spirit   +   (helmet restricted)
rElec    .         Reflect  .   d - +0 cloak (curse)
rCorr    .         Harm     .   c - +2 pair of gloves
MR       +++..                  (no boots)
Stlth    ..........             (no amulet)
Regen    2.1/turn               J - ring of Sifip {rC+ Stlth+}
MPRegen  0.2/turn               U - ring of protection from magic

@: berserking, barbed spikes, regenerating, very quick
A: retaliatory headbutt, horns 2
a: Berserk, Trog's Hand, Brothers in Arms, Burn Spellbooks, Renounce Religion


You were on level 11 of the Dungeon.
You worshipped Trog.
Trog was extremely pleased with you.
You were hungry.

You visited 1 branch of the dungeon, and saw 11 of its levels.

You collected 598 gold pieces.

Inventory:

Hand Weapons
 a - a +0 great mace (weapon)
 w - a +0 blowgun
Missiles
 r - 8 needles of sleeping
 u - 29 poisoned needles
 C - 4 curare-tipped needles
 N - 8 poisoned tomahawks (quivered)
Armour
 c - a +2 pair of gloves (worn)
 d - a cursed +0 cloak (worn)
 F - the +4 moon troll leather armour (worn) {Spirit, Regen++ MP+5}
   (You found it on level 5 of the Dungeon)

   It affects your magic capacity (+5).
   It increases your rate of regeneration.
Jewellery
 E - an uncursed ring of flight
 J - the ring of Sifip (left hand) {rC+ Stlth+}
   (You found it on level 6 of the Dungeon)

   [ring of stealth]

   It protects you from cold.
   It makes you more stealthy.
 P - an uncursed ring of protection from magic
 U - a ring of protection from magic (right hand)
Wands
 i - a wand of paralysis (12/24)
 l - a wand of iceblast (2/15)
 q - a wand of lightning (9/15)
 t - a wand of flame (22/48)
 L - a wand of iceblast (7/15)
 M - a wand of flame (22/48)
 O - a wand of acid (8/15)
 R - a wand of digging (14/24)
Scrolls
 f - a scroll of enchant armour
 g - 4 scrolls of remove curse
 j - a scroll of noise {unknown}
 o - 8 scrolls of teleportation
 p - a scroll of fog {unknown}
 v - 2 scrolls of fear {unknown}
 x - a scroll of magic mapping {unknown}
 y - 2 scrolls of blinking {unknown}
 H - 2 scrolls of recharging {unknown}
 S - a scroll of identify
 W - a scroll of vulnerability {unknown}
Potions
 e - a potion of agility {unknown}
 h - a potion of might {unknown}
 k - 3 potions of brilliance
 m - a potion of magic {unknown}
 n - 2 potions of flight {unknown}
 s - 3 potions of mutation {unknown}
 A - 6 potions of curing
 D - 2 potions of heal wounds {unknown}
 G - 3 potions of degeneration {unknown}
 K - a potion of experience {unknown}
 Q - a potion of invisibility {unknown}
 T - a potion of resistance {unknown}
Comestibles
 b - 2 royal jellies
 z - 3 meat rations
 B - 2 bread rations
 I - 25 fruits


   Skills:
 - Level 3.6 Fighting
 * Level 19.1 Maces & Flails
 - Level 6.6 Throwing
 - Level 2.4 Armour
 - Level 2.1 Dodging


You had 10 spell levels left.
You didn't know any spells.

Dungeon Overview and Level Annotations

Branches:
Dungeon (11/15)            Temple (0/1) D:5            Lair (0/6) D:11
    Orc: D:9-12

Altars:
Ashenzari
Dithmenos
Qazlal
Yredelemnul
The Shining One
Beogh

Annotations:
D:10 ereinion's ghost, novice TrMo


Innate Abilities, Weirdness & Mutations

You reflexively headbutt those who attack you in melee.
You have a pair of horns on your head.


Message History

The hippogriff is lightly wounded.
The hippogriff bites you!
* * * LOW HITPOINT WARNING * * *
The hippogriff misses you. The hippogriff claws you.
* * * LOW HITPOINT WARNING * * *
You bludgeon the hippogriff!! You headbutt the hippogriff!
The hippogriff is almost dead.
The basilisk gazes at you. You resist with almost no effort.
You closely miss the hippogriff.
The hippogriff is almost dead.
The hippogriff bites you!
* * * LOW HITPOINT WARNING * * *
The hippogriff barely misses you. The hippogriff claws you!
* * * LOW HITPOINT WARNING * * *
You hit the hippogriff. You headbutt the hippogriff.
You kill the hippogriff!
Trog accepts your kill. The basilisk bites you!
You die...

###........#.###### #
........##.#<.....#########
###.###.##.................
#.###.####..########.####
###.....## #..# #.#
..........###..# #.#
...............#### #.#
####.###....†.....# #.# #(
####@†.###. #.# # #()l..#
#.# #....P..# .#. #..P..P.#
.......... #........%.#
.....>.....# #...........#


You could see a basilisk.

Vanquished Creatures
  Erolcha (D:9)
  5 two-headed ogres
  Pikel (D:7)
  An ugly thing (D:10)
  A manticore (D:11)
  Maurice (D:9)
  A centaur zombie (D:11)
  Psyche (D:9)
  3 hippogriffs
  Sigmund (D:2)
  2 basilisks (D:11)
  2 yaks
  3 wyverns
  Menkaure (D:7)
  A water moccasin (D:7)
  3 ice beasts
  2 sky beasts
  2 eyes of draining (D:7)
  4 orc warriors
  A phantom (D:7)
  4 ogres
  4 centaurs
  A crocodile (D:9)
  A big kobold (D:8)
  3 bullfrogs
  A wyvern zombie (D:9)
  A scorpion (D:7)
  7 killer bees
  A howler monkey (D:5)
  5 wights (D:9)
  3 crimson imps
  8 hounds
  A quasit (D:9)
  2 bullfrog zombies
  A jelly (D:9)
  A gnoll shaman (D:5)
  4 orc priests
  A centaur skeleton (D:6)
  9 orc wizards
  3 bullfrog skeletons
  3 iguanas
  9 worker ants
  A hound zombie (D:8)
  3 gnolls (D:5)
  2 howler monkey zombies (D:9)
  10 adders
  A shadow imp (D:6)
  2 oozes (D:1)
  3 adder skeletons
  An adder zombie (D:6)
  A worm (D:2)
  5 dart slugs
  7 leopard geckos
  44 orcs
  8 bats
  11 giant cockroaches
  5 hobgoblins
  5 jackals
  6 kobolds
  5 quokkas
  4 frilled lizards
  4 goblins
  2 jackal zombies
  12 rats
252 creatures vanquished.

Vanquished Creatures (others)
  An adder (D:7)
1 creature vanquished.

Grand Total: 253 creatures vanquished

Notes
Turn   | Place    | Note
-------+----------+-------------------------------------------
     0 | D:1      | MatthieuS the Minotaur Berserker began the quest for the Orb.
     0 | D:1      | Reached XP level 1. HP: 19/19 MP: 0/0
   111 | D:1      | Reached skill level 4 in Maces & Flails
   113 | D:1      | Reached XP level 2. HP: 25/26 MP: 1/1
   337 | D:1      | Reached skill level 5 in Maces & Flails
   429 | D:1      | Reached XP level 3. HP: 31/31 MP: 2/2
   551 | D:2      | Noticed Sigmund
   558 | D:2      | Killed Sigmund
   558 | D:2      | Reached skill level 7 in Maces & Flails
   558 | D:2      | Reached XP level 4. HP: 39/39 MP: 3/3
   558 | D:2      | Reached XP level 5. HP: 45/45 MP: 4/4
   780 | D:2      | Reached ** piety under Trog
  1320 | D:3      | Reached skill level 8 in Maces & Flails
  2098 | D:3      | Reached XP level 6. HP: 51/51 MP: 5/5
  2820 | D:4      | Reached skill level 1 in Throwing
  3088 | D:4      | Reached *** piety under Trog
  3282 | D:5      | Entered Level 5 of the Dungeon
  3300 | D:5      | Reached skill level 9 in Maces & Flails
  3427 | D:5      | Found a staircase to the Ecumenical Temple.
  3513 | D:5      | Reached XP level 7. HP: 56/57 MP: 6/6
  4189 | D:5      | Reached skill level 10 in Maces & Flails
  4454 | D:6      | Got a fine tin ring
  4455 | D:6      | Identified the ring of Sifip {rC+ Stlth+} (You found it on level 6 of the Dungeon)
  4599 | D:6      | Reached XP level 8. HP: 63/64 MP: 7/7
  4638 | D:6      | Found a shattered altar of Ashenzari.
  4638 | D:6      | Found a basalt altar of Yredelemnul.
  4659 | D:6      | Found a shadowy altar of Dithmenos.
  4659 | D:6      | Found a glowing golden altar of the Shining One.
  4843 | D:6      | Reached skill level 11 in Maces & Flails
  5087 | D:7      | Noticed Pikel
  5100 | D:7      | Killed Pikel
  5100 | D:7      | Reached skill level 12 in Maces & Flails
  5100 | D:7      | Reached skill level 5 in Throwing
  5210 | D:7      | Reached **** piety under Trog
  5238 | D:7      | Received a gift from Trog
  5383 | D:7      | Reached XP level 9. HP: 61/70 MP: 8/8
  5732 | D:7      | Reached skill level 13 in Maces & Flails
  5975 | D:7      | Found a runed door.
  5983 | D:7      | Noticed Menkaure
  5989 | D:7      | Killed Menkaure
  6211 | D:7      | Found a roughly hewn altar of Beogh.
  6423 | D:7      | Reached skill level 14 in Maces & Flails
  6679 | D:8      | Received a gift from Trog
  6989 | D:8      | Reached XP level 10. HP: 38/77 MP: 8/9
  7077 | D:8      | Found a stormy altar of Qazlal.
  7083 | D:8      | Reached skill level 15 in Maces & Flails
  7087 | D:8      | Received a gift from Trog
  7132 | D:8      | Noticed a two-headed ogre
  7140 | D:8      | Killed a two-headed ogre
  7222 | D:8      | Noticed a two-headed ogre
  7235 | D:8      | Killed a two-headed ogre
  7235 | D:8      | Reached skill level 16 in Maces & Flails
  7693 | D:9      | Noticed Erolcha
  7707 | D:9      | Killed Erolcha
  7810 | D:9      | Noticed Maurice
  7821 | D:9      | Killed Maurice
  7821 | D:9      | Reached skill level 17 in Maces & Flails
  7839 | D:9      | Noticed Psyche
  7839 | D:9      | Noticed a two-headed ogre
  7877 | D:9      | Killed a two-headed ogre
  7921 | D:9      | Noticed a two-headed ogre
  7923 | D:9      | Killed a two-headed ogre
  7923 | D:9      | Reached XP level 11. HP: 78/82 MP: 10/10
  7957 | D:9      | Noticed a two-headed ogre
  7966 | D:9      | Killed a two-headed ogre
  8069 | D:9      | Received a gift from Trog
  8108 | D:9      | Reached skill level 18 in Maces & Flails
  8457 | D:9      | Killed Psyche
  8648 | D:9      | Reached ***** piety under Trog
  8824 | D:10     | Entered Level 10 of the Dungeon
  8881 | D:10     | Noticed a brown ugly thing
  8888 | D:10     | Killed a brown ugly thing
  8935 | D:10     | Noticed ereinion's ghost (novice TrMo)
  9112 | D:11     | Found a staircase to the Lair.
  9132 | D:11     | Reached skill level 19 in Maces & Flails
  9136 | D:11     | Slain by a basilisk

Vault maps used:
D:1:      saegor_arrival_simple_b, serial_corexii_hall, corexii_hall_statues_l,
          corexii_hall_statues_l, st_stairs_3
D:2:      minmay_misc_feat_room, corner_web_ring, uniq_sigmund
D:3:      first_bread, kennysheep_nondescript
D:4:      minmay_misc_feat_pillars
D:5:      minmay_temple_entry_trees
D:6:      nicolae_overflow_hidden_temple
D:7:      minmay_blocky_corners, lightli_church_of_beogh, uniq_pikel,
          uniq_menkaure
D:8:      grunt_qazlal_clouds, blue_anna_alchemist
D:9:      uniq_erolcha, uniq_maurice, uniq_psyche
D:10:     orc_0_dummy
D:11:     david_lair_generic, kennysheep_generic_room_2

Skill      XL: |  1  2  3  4  5  6  7  8  9 10 11 |
---------------+----------------------------------+-----
Maces & Flails | 4 5 7 8 9 10 12 14 17 19 | 19.1
Throwing       | 1 3 5 6 |  6.6
Fighting       | |  3.6
Armour         | |  2.4
Dodging        | |  2.1

Action                   |  1- 3 |  4- 6 |  7- 9 | 10-12 || total
-------------------------+-------+-------+-------+-------++-------
Melee: Mace              |    32 |   150 |   204 |    30 ||   416
       Headbutt          |     9 |    20 |    73 |    49 ||   151
       Whip              |       |       |    80 |       ||    80
       Flail             |       |       |    60 |       ||    60
       Great mace        |       |       |       |   209 ||   209
 Fire: Blowgun           |       |       |     2 |    18 ||    20
Invok: Berserk           |     1 |       |     5 |     3 ||     9
       Trog's Hand       |       |       |     3 |     4 ||     7
       Burn Spellbooks   |       |       |     2 |       ||     2
  Use: Scroll            |       |       |     7 |     3 ||    10
 Stab: Sleeping          |       |       |     3 |     6 ||     9
  Eat: Chunk             |       |     3 |    11 |     9 ||    23
       Bread ration      |       |     2 |       |       ||     2
       Fruit             |       |     1 |       |       ||     1
       Royal jelly       |       |       |     1 |     1 ||     2
Armor: Ring mail         |     7 |       |       |       ||     7
       Scale mail        |     5 |    54 |    18 |       ||    77
       Troll leather arm |       |       |    85 |    92 ||   177
Dodge: Dodged            |    20 |    88 |   128 |   149 ||   385
